 Dungeon Crawl Stone Soup version 0.23-a0-445-g768d57b (webtiles) character file.

47 Dfrag the Firebug (level 3, -4/28 HPs)
             Began as a Naga Fire Elementalist on Nov 18, 2018.
             Slain by an orc
             ... wielding a +0 mace
              (5 damage)
             ... on level 2 of the Dungeon.
             The game lasted 00:02:54 (597 turns).

Dfrag the Firebug (Naga Fire Elementalist)           Turns: 597, Time: 00:02:54

Health: -4/28      AC:  2    Str: 10    XL:     3   Next: 70%
Magic:  2/6        EV: 10    Int: 16    God:
Gold:   31         SH:  0    Dex: 11    Spells: 3/7 levels left

rFire    . . .     SeeInvis +   (no weapon)
rCold    . . .     Gourm    .   (no shield)
rNeg     . . .     Faith    .   a - +0 robe
rPois    +         Spirit   .   (no helmet)
rElec    .         Reflect  .   (no cloak)
rCorr    .         Harm     .   (no gloves)
MR       .....                  (no barding)
Stlth    ++........             (no amulet)
HPRegen  0.09/turn              (no ring)
MPRegen  0.10/turn              (no ring)

@: very slow
A: large, see invisible, deformed body, poison resistance, slowness 2, slow
metabolism 1, spit poison 1, AC +1
a: Spit Poison


You were on level 2 of the Dungeon.
You were not hungry.

You visited 1 branch of the dungeon, and saw 2 of its levels.

You collected 31 gold pieces.

Inventory:

Armour
 a - a +0 robe (worn)
Scrolls
 d - a scroll of remove curse {unknown}
 e - 5 scrolls of identify {unknown}
 h - a scroll of immolation {unknown}
Potions
 f - 2 potions of resistance {unknown}
 g - a potion of degeneration {unknown}
Comestibles
 c - 3 rations


   Skills:
 - Level 1.5 Dodging
 - Level 3.0 Stealth
 + Level 2.6 Spellcasting
 + Level 2.1 Conjurations
 + Level 3.5 Fire Magic


You had 3 spell levels left.
You knew the following spells:

 Your Spells              Type           Power        Failure   Level  Hunger
a - Flame Tongue          Conj/Fire      ##...        6%          1    #......
b - Conjure Flame         Conj/Fire      ##......     19%         3    ###....

Your spell library contained the following spells:

 Spells                   Type           Power        Failure   Level  Hunger
 Throw Flame              Conj/Fire      ##....       9%          2    ##.....
 Inner Flame              Hex/Fire       #.......     28%         3    ###....
 Sticky Flame             Conj/Fire      ##......     52%         4    #####..
 Fireball                 Conj/Fire      ##........   86%         5    ######.


Dungeon Overview and Level Annotations

Branches:
Dungeon (2/15)

Altars:


Innate Abilities, Weirdness & Mutations

You cannot wear boots.
Your serpentine skin is tough. (AC +1)
You have supernaturally acute eyesight. (SInv)
Armour fits poorly on your strangely shaped body.
Your system is resistant to poisons. (rPois)
You cover ground very slowly.
You have a slow metabolism.
You can spit poison.


Message History

It is a scroll of amnesia.
Okay, then.
The orc hits you with a +0 mace.
* * * LOW HITPOINT WARNING * * *
The orc hits you with a +0 mace.
* * * LOW HITPOINT WARNING * * *
Unknown command.
Unknown command.
You have got your breath back.
The orc hits you with a +0 mace.
* * * LOW HITPOINT WARNING * * *
The orc closely misses you.
Unknown command.
The orc hits you but does no damage. The orc barely misses you.
You hit the orc but do no damage. You closely miss the orc.
Unknown command.
You hit the orc but do no damage. The orc hits you with a +0 mace.
You die...

#...........
#....#######
#####).......#
...#........#######
##..#.......[......#
....#†.............#
....#%.####..(..g..#
...(((.((((...ooo..#
.......####...go@..#
.......# ####o#####
....#..# #.#
....#..# #.#
....#..# #.#
....#..# #.#
....#..# #.# ...


You could see 5 orcs and 2 goblins.

Vanquished Creatures
  An adder (D:2)
  2 oozes
  A worm (D:2)
  3 bats (D:1)
  A giant cockroach (D:1)
  2 goblins
  4 hobgoblins (D:1)
  3 jackals (D:1)
  3 kobolds (D:1)
  3 frilled lizards
  3 rats
26 creatures vanquished.

Notes
Turn   | Place    | Note
-------+----------+-------------------------------------------
     0 | D:1      | Dfrag the Naga Fire Elementalist began the quest for the
                  | Orb.
     0 | D:1      | Reached XP level 1. HP: 15/15 MP: 3/3
    82 | D:1      | Reached XP level 2. HP: 12/22 MP: 5/5
   412 | D:1      | Reached XP level 3. HP: 17/28 MP: 1/6
   540 | D:2      | Learned a level 3 spell: Conjure Flame
   591 | D:2      | HP: 1/28 [orc/+0 mace (2)]
   597 | D:2      | Slain by an orc

Vault maps used:
D:1:      dpeg_arrival_round_c
D:2:      lemuel_crystal_altar, marbit_many_paths

Skill      XL: |  1  2  3 |
---------------+----------+-----
Conjurations   | 2 |  2.1
Dodging        | |  1.5
Stealth        | |  3.0
Spellcasting   | |  2.6
Fire Magic     | |  3.5

Action                   || total
-------------------------++-------
Melee: Unarmed           ||    10
 Cast: Flame Tongue      ||    27
       Conjure Flame     ||     1
 Abil: Spit Poison       ||    22
  Use: Scroll            ||     1
Armor: Robe              ||     6
Dodge: Dodged            ||    37

Table legend:
 A = Non-vault XP
 B = Vault XP
 C = Vault XP percentage of total XP
 D = Non-vault monster count
 E = Vault monster count
 F = Vault count percentage of total count
                 A         B        C        D         E       F
            +---------+---------+-------+---------+---------+-------
      Total |      68 |       0 |   0.0 |      26 |       0 |   0.0
            +---------+---------+-------+---------+---------+-------
        D:1 |      39 |       0 |   0.0 |      20 |       0 |   0.0
        D:2 |      29 |       0 |   0.0 |       6 |       0 |   0.0
            +---------+---------+-------+---------+---------+-------
